 Dungeon Crawl Stone Soup version 0.30-a0-719-gcc4359ea44 (webtiles) character file.

Game seed: 15799234913625088171

861 browni3141 the Pannier (level 8, -1/42 HPs)
             Began as a Vine Stalker Fighter on Jan 27, 2023.
             Was an Initiate of Nemelex Xobeh.
             Slain by an orc
             ... wielding a +0 trident
              (6 damage)
             ... on level 5 of the Dungeon.
             The game lasted 00:06:56 (3395 turns).

browni3141 the Pannier (Vine Stalker Fighter)       Turns: 3395, Time: 00:06:57

Health: -1/42      AC:  8    Str: 21    XL:     8   Next: 2%
Magic:  0/12       EV:  9    Int:  8    God:    Nemelex Xobeh [......]
Gold:   212        SH:  6    Dex: 20    Spells: 7/7 levels left

rFire   . . .      SeeInvis .      - Unarmed
rCold   . . .      Faith    .    b - +0 buckler
rNeg    . . .      Spirit   +    a - +0 scale mail
rPois   .          Reflect  .    l - +0 helmet
rElec   .          Harm     .    (no cloak)
rCorr   .          Rampage  .    (no gloves)
Will    +....                    (no boots) Stlth
                                 (no amulet)
HPRegen 1.07/turn                i - +6 ring of dexterity
MPRegen 0.13/turn                (no ring)

@: mighty
A: fangs 3, regeneration 1, magic shield, antimagic bite, no potion heal 2
a: Renounce Religion, Draw Escape, Draw Destruction, Draw Summoning


You were on level 5 of the Dungeon.
You worshipped Nemelex Xobeh.
Nemelex Xobeh was noncommittal.
You visited 2 branches of the dungeon, and saw 6 of its levels.
You also visited: Sewer.

You collected 212 gold pieces.

Inventory:

Missiles
 f - 4 javelins (quivered)
 u - a curare-tipped dart
Armour
 a - a +0 scale mail (worn)
 b - a +0 buckler (worn)
 l - a +0 helmet (worn)
Jewellery
 i - a +6 ring of dexterity (left hand)
 n - a ring of fire
Wands
 w - a wand of paralysis (2)
Scrolls
 j - a scroll of immolation
 k - a scroll of enchant armour
 q - 3 scrolls of fog
 r - a scroll of vulnerability {unknown}
 x - a scroll of magic mapping {unknown}
 y - a scroll of identify
Potions
 d - 2 potions of lignification {unknown}
 e - 5 potions of curing
 g - a potion of brilliance {unknown}
 h - a potion of heal wounds {unknown}
 m - 3 potions of flight {unknown}
 o - a potion of degeneration {unknown}
 p - a potion of attraction {unknown}
 s - 2 potions of berserk rage {unknown}
 t - 4 potions of haste {unknown}
 v - a potion of cancellation {unknown}


   Skills:
 + Level 4.2 Fighting
 + Level 3.7 Armour
 + Level 4.2 Shields
 + Level 3.9 Unarmed Combat
 * Level 4.9 Invocations


You had 7 spell levels left.
You didn't know any spells.
Your spell library contained the following spells:

 Spells                   Type           Power      Damage    Failure   Level
 Beastly Appendage        Tmut           0%         N/A       83%         1
 Wereblood                Tmut           0%         N/A       92%         2
 Call Canine Familiar     Summ           0%         N/A       99%         3
 Inner Flame              Hex/Fire       0%         N/A       99%         3
 Portal Projectile        Hex/Tloc       0%         N/A       99%         3
 Spider Form              Tmut/Pois      0%         N/A       99%         3
 Cause Fear               Hex            0%         N/A       100%        4
 Leda's Liquefaction      Hex/Erth       0%         N/A       100%        4
 Discord                  Hex            0%         N/A       100%        8


Dungeon Overview and Level Annotations

Branches:
Dungeon (5/15)             Temple (1/1) D:4           Sewer (visited)

Altars:
Ashenzari
Cheibriados
Dithmenos
Elyvilon
Fedhas
Gozag
Hepliaklqana
Kikubaaqudgha
Makhleb
Nemelex Xobeh
Okawaru
Qazlal
Ru
Trog
Uskayaw
Vehumet
Yredelemnul
Zin
The Shining One

Annotations:
D:5 Eustachio, Pikel


Innate Abilities, Weirdness & Mutations

You have razor-sharp teeth.
Your natural rate of healing is unusually fast.
When hurt, damage is shared between your health and your magic reserves.
Your bite disrupts and absorbs the magic of your enemies.
Potions cannot restore your health.


Message History

You barely miss Pikel.
Pikel is heavily wounded.
The quokka barely misses you. You block the jackal's attack.
The jackal closely misses you.
The orc hits you from afar with a +0 trident.
Pikel hits you with a +0 whip of freezing.
* * * LOW HITPOINT WARNING * * *
Pikel freezes you.
* * * LOW HITPOINT WARNING * * *
The orc hits you but does no damage.
You barely miss Pikel. You bite Pikel. You drain his power.
You feel invigorated.
Pikel is heavily wounded.
The jackal bites you but does no damage.
The jackal closely misses you. The quokka bites you.
* * * LOW HITPOINT WARNING * * *
The shadow imp shouts, "Scamper home, thou puny half-faced mish-mash!"
You block the orc's attack. You block Pikel's attack.
The orc hits you but does no damage.
The jackal bites you but does no damage.
The jackal bites you.
* * * LOW HITPOINT WARNING * * *
You hit Pikel.
Pikel is severely wounded.
You block the quokka's attack. The iron imp hits you!
* * * LOW HITPOINT WARNING * * *
You block the jackal's attack. The orc misses you.
The orc hits you but does no damage.
Pikel hits you with a +0 whip of freezing.
* * * LOW HITPOINT WARNING * * *
Pikel freezes you.
* * * LOW HITPOINT WARNING * * *
The jackal bites you but does no damage.
The quokka barely misses you.
You punch Pikel! Your bite misses Pikel.
Pikel is almost dead.
The jackal barely misses you. You block the jackal's attack.
The orc hits you from afar with a +0 trident!
You die...
Your body disappears without a glow.

....................
..#.####.........# .
..#.####.........# ..
..#.##..........###...
..#.#..#............#
....#.##.........###
...##. #.......55#
...## #.......r5# #...
#....?ooh@# #...
##.....ohoK5....? # #.
##....o##5...... ..#
.....### ...#### #>#
...... .### .# o###..
.. . . .. .. .. ...


You could see Pikel, 2 lemures, an iron imp (summoned), a white imp (summoned),
a shadow imp (summoned), 5 orcs, a quokka (summoned) and 2 jackals.

Vanquished Creatures
  An orc warrior (D:5)
  An ice beast (D:5)
  2 lemures (D:5)
  4 kobold brigands (Sewer)
  Jessica (D:2)
  An iguana (D:4)
  3 orc wizards (D:4)
  Robin (D:2)
  10 adders
  4 gnolls (D:4)
  2 river rats
  4 worms
  A dart slug (D:1)
  5 orcs
  5 bats
  11 endoplasms
  3 giant cockroaches (D:3)
  12 goblins
  11 hobgoblins
  3 jackals (D:2)
  4 quokkas
  4 ball pythons
  A frilled lizard (D:3)
  10 kobolds
  6 rats
110 creatures vanquished.

Notes
Turn   | Place    | Note
-------+----------+-------------------------------------------
     0 | D:1      | browni3141 the Vine Stalker Fighter began the quest for the
                  | Orb.
     0 | D:1      | Reached XP level 1. HP: 11/11 MP: 2/2
   444 | D:1      | Reached XP level 2. HP: 13/16 MP: 1/3
   529 | D:1      | Reached skill level 1 in Invocations
   811 | D:2      | Noticed Robin
   819 | D:2      | Reached XP level 3. HP: 19/19 MP: 4/4
   830 | D:2      | Killed Robin
   880 | D:2      | Gained mutation: Your natural rate of healing is unusually
                  | fast. [Vine Stalker growth]
   880 | D:2      | Reached XP level 4. HP: 24/24 MP: 6/6
  1059 | D:2      | Noticed Jessica
  1073 | D:2      | Killed Jessica
  1074 | D:2      | Reached XP level 5. HP: 28/28 MP: 7/7
  1393 | D:3      | Found a glowing drain.
  1423 | Sewer    | Entered a sewer
  1567 | Sewer    | Noticed a kobold brigand
  1589 | Sewer    | Killed a kobold brigand
  1590 | Sewer    | Reached XP level 6. HP: 30/32 MP: 7/9
  1814 | Sewer    | Reached XP level 7. HP: 30/37 MP: 8/11
  2652 | D:3      | HP: 1/37 [orc warrior/+0 dire flail (7)]
  3039 | D:4      | Found a staircase to the Ecumenical Temple.
  3049 | Temple   | Entered the Ecumenical Temple
  3307 | Temple   | Became a worshipper of Nemelex Xobeh the Trickster
  3329 | D:5      | Entered Level 5 of the Dungeon
  3371 | D:5      | Gained mutation: You have razor-sharp teeth. [Vine Stalker
                  | growth]
  3371 | D:5      | Reached XP level 8. HP: 42/42 MP: 12/12
  3378 | D:5      | Noticed Eustachio
  3383 | D:5      | Noticed Pikel
  3395 | D:5      | Slain by an orc

Illustrated notes

Levels and vault maps discovered:
D:1:      enne_arrival_octagon_isle, layout_loops_corners
D:2:      layout_basic, uniq_robin, uniq_jessica
D:3:      layout_rooms, portal_sewer_entry_a
D:4:      layout_rooms, minmay_temple_entry_poolview
D:5:      layout_rooms, uniq_crazy_yiuf_cottage, uniq_pikel, uniq_eustachio
Temple:   compressed_dpeg_triangle_lava_temple

Skill      XL: |  1  2  3  4  5  6  7 |
---------------+----------------------+-----
Invocations    | 1 2 3 4 |  4.9
Fighting       | 3 4 |  4.2
Shields        | 3 4 |  4.2
Armour         | 3 |  3.7
Unarmed Combat | 3 |  3.9

Action                     |  1- 3 |  4- 6 |  7- 9 || total
---------------------------+-------+-------+-------++-------
  Melee: Unarmed           |    79 |   218 |   205 ||   502
         Bite              |    22 |    62 |    57 ||   141
  Evoke: Wand              |       |       |     1 ||     1
    Use: Potion            |       |     1 |     1 ||     2
         Scroll            |       |       |     5 ||     5
   Stab: Paralysed         |       |       |     4 ||     4
 Armour: Scale mail        |    32 |    85 |   103 ||   220
  Dodge: Dodged            |    25 |    83 |    80 ||   188
  Block: Buckler           |    18 |    40 |    52 ||   110

Table legend: (Time is in decaauts)
 A = Elapsed time spent in this place.
 B = Non-inter-level travel time spent in this place.
 C = Inter-level travel time spent in this place.
 D = Time resting spent in this place.
 E = Time spent auto-exploring this place.
 F = Levels seen in this place.
 G = Mean time per level.
                   A        B        C        D        E       F      G
               +--------+--------+--------+--------+--------+-----+--------+
         Total |   3538 |   3490 |     48 |     91 |   2402 |   7 |  505.4 |
       Dungeon |   2429 |   2385 |     44 |     85 |   1654 |   5 |  485.8 |
        Temple |    263 |    259 |      4 |      0 |    232 |   1 |  263.0 |
         Sewer |    845 |    845 |      0 |      6 |    515 |   1 |  845.0 |
               +--------+--------+--------+--------+--------+-----+--------+

Top non-repeatable levels by time:
   Sewer: 845 daAuts
     D:1: 801 daAuts
     D:3: 634 daAuts
     D:4: 536 daAuts
     D:2: 391 daAuts
  Temple: 263 daAuts
     D:5: 65 daAuts
